 Dungeon Crawl Stone Soup version 0.29.0-4-gdea44cf6ec (webtiles) character file.

Game seed: 15872807612044987875

6 qw the Shield-Bearer (level 1, 0/19 HPs)
             Began as a Minotaur Fighter on Sept 6, 2022.
             Slain by a kobold
             ... wielding a +1 dagger of venom
              (1 damage)
             ... on level 1 of the Dungeon.
             The game lasted 00:00:02 (46 turns).

qw the Shield-Bearer (Minotaur Fighter)               Turns: 46, Time: 00:00:03

Health: 0/19       AC:  6    Str: 20    XL:     1   Next: 75%
Magic:  0/0        EV:  9    Int:  5    God:
Gold:   12         SH:  4    Dex:  9    Spells: 0/0 levels left

rFire   . . .      SeeInvis .   a - +0 war axe
rCold   . . .      Faith    .   c - +0 buckler
rNeg    . . .      Spirit   .   b - +0 scale mail
rPois   .          Reflect  .   (helmet restricted)
rElec   .          Harm     .   (no cloak)
rCorr   .          Rampage  .   (no gloves)
Will    .....                   (no boots)
Stlth   ..........              (no amulet)
HPRegen 0.06/turn               (no ring)
MPRegen 0.07/turn               (no ring)

@: lethally poisoned (0 -> -9)
A: horns 2, retaliatory headbutt
a: no special abilities


You were on level 1 of the Dungeon.
You visited 1 branch of the dungeon, and saw 1 of its levels.

You collected 12 gold pieces.


Innate Abilities, Weirdness & Mutations

You have a pair of horns on your head.
You reflexively headbutt those who attack you in melee.


   Skills:
 - Level 3.6 Fighting
 + Level 3.2 Axes
 - Level 3.6 Armour
 - Level 3.6 Shields


You couldn't memorise any spells.
You didn't know any spells.
Your spell library was empty.

Inventory:

Hand Weapons
 a - a +0 war axe (weapon)
Armour
 b - a +0 scale mail (worn)
 c - a +0 buckler (worn)
Scrolls
 e - a scroll of torment {unknown}
Potions
 d - a potion of might

Dungeon Overview and Level Annotations

Branches:
Dungeon (1/15)

Altars:


Message History

You slash the ball python!
You kill the ball python!
The bat misses you. The bat hits you but does no damage.
You slash the bat!
You kill the bat!
Your Axes skill increases to level 3!
A goblin and a kobold come into view.
The kobold is wielding a +1 dagger of venom.
The goblin shouts!
The kobold shouts!
A kobold comes into view. It is wielding a +0 club.
36 ||| Stepping ~*~*~tactically~*~*~ (stealth).
37 ||| Stepping ~*~*~tactically~*~*~ (stealth).
You hit the goblin.
The goblin is severely wounded.
You block the goblin's attack.
You closely miss the goblin.
The goblin is severely wounded.
You closely miss the kobold. The goblin hits you but does no damage.
The kobold hits you with a +1 dagger of venom.
You are poisoned.
The kobold barely misses you. The goblin misses you. You furiously retaliate!
You headbutt the goblin.
You kill the goblin!
43 ||| Stepping ~*~*~tactically~*~*~ (stealth).
Found 8 gold pieces.
You feel very sick.
You closely miss the kobold. Your headbutt misses the kobold.
You feel sick.
The kobold hits you with a +1 dagger of venom.
You are lethally poisoned!
You closely miss the kobold.
You feel very sick. The kobold closely misses you. You furiously retaliate!
You headbutt the kobold. You barely miss the kobold.
The kobold is heavily wounded.
You feel very sick.
The kobold hits you with a +1 dagger of venom.
You die...

.# #.#.........
..###...........
........#......
K#...........
...?.....%#
......!.%%##
.$....)....#
.....##K##.#
#K..###@##.####
........#.....#####.
....................
................##
................#
$...............#
................###
..................#
.............#.#


You could see a kobold.

Vanquished Creatures
  A ball python (D:1)
  3 bats (D:1)
  A goblin (D:1)
  A rat (D:1)
6 creatures vanquished.

Notes
Turn   | Place    | Note
-------+----------+-------------------------------------------
     0 | D:1      | qw the Minotaur Fighter began the quest for the Orb.
     0 | D:1      | Reached XP level 1. HP: 19/19 MP: 0/0
     0 | D:1      | 0 ||| qw: Version: 0.1-a-108-g9e35731
     0 | D:1      | 0 ||| qw: Game counter: 6269
     0 | D:1      | 0 ||| qw: Always use a shield: true
     0 | D:1      | 0 ||| qw: God list: Ru
     0 | D:1      | 0 ||| qw: Allow faded altars: false
     0 | D:1      | 0 ||| qw: Do Orc after D:15 true
     0 | D:1      | 0 ||| qw: Do second Lair branch before Depths: true
     0 | D:1      | 0 ||| qw: Lair rune preference: random
     0 | D:1      | 0 ||| qw: Plans: Normal
     0 | D:1      | 0 ||| PLANNING D:1-11
    35 | D:1      | Reached skill level 3 in Axes
    36 | D:1      | 36 ||| Stepping ~*~*~tactically~*~*~ (stealth).
    37 | D:1      | 37 ||| Stepping ~*~*~tactically~*~*~ (stealth).
    43 | D:1      | 43 ||| Stepping ~*~*~tactically~*~*~ (stealth).
    46 | D:1      | HP: 1/19 [poisoned by a kobold]
    46 | D:1      | Slain by a kobold

Levels and vault maps discovered:
D:1:      saegor_arrival_simple_c, layout_rooms, nicolae_ecumenical_lake_church

Skill      XL: |  1 |
---------------+----+-----
Axes           | 3 |  3.2
Fighting       | |  3.6
Armour         | |  3.6
Shields        | |  3.6

Action                   || total
-------------------------++-------
Melee: War axe           ||    12
       Headbutt          ||     1
Armor: Scale mail        ||     3
Dodge: Dodged            ||     7
Block: Buckler           ||     5

Table legend:
 A = Non-vault XP
 B = Vault XP
 C = Vault XP percentage of total XP
 D = Non-vault monster count
 E = Vault monster count
 F = Vault count percentage of total count
                 A         B        C        D         E       F
            +---------+---------+-------+---------+---------+-------
      Total |       9 |       0 |   0.0 |       6 |       0 |   0.0
            +---------+---------+-------+---------+---------+-------
        D:1 |       9 |       0 |   0.0 |       6 |       0 |   0.0
            +---------+---------+-------+---------+---------+-------
